 Dungeon Sprint DCSS version 0.22.1-1-ga44c0e56f4 (webtiles) character file.

6955 MuseOD the Unseen (level 10, -2/57 (58) HPs)
             Began as a Spriggan Enchanter on Sept 30, 2018.
             Was a High Priest of Dithmenos.
             Succumbed to poison (dark miasma)
             ... in the Dungeon (Sprint III: "The Ten Rune Challenge").
             The game lasted 00:05:51 (1341 turns).

MuseOD the Unseen (Spriggan Enchanter)              Turns: 1341, Time: 00:05:51

HP:   -2/57 (58)    AC:  3    Str:  4    XL:     10   Next: 80%
MP:   25/25         EV: 24    Int: 19    God:    Dithmenos [*****.]
Gold: 29            SH:  0    Dex: 18    Spells: 21/30 levels left

rFire    . . .     SeeInvis +   a - +1 dagger
rCold    . . .     Gourm    .   (shield restricted)
rNeg     . . .     Faith    .   b - +0 robe
rPois    .         Spirit   .   (helmet restricted)
rElec    .         Reflect  .   c - +0 cloak
rCorr    .         Harm     .   (gloves unavailable)
MR       +....     NoTele   +   (boots unavailable)
Stlth    +++++++++.             (no amulet)
HPRegen  0.19/turn              (no ring)
MPRegen  0.19/turn              (no ring)

@: lethally poisoned (-2 -> -47), slowed, wreathed by umbra, quick
A: very small, unfitting armour, see invisible, herbivore, speed 3, slow
metabolism 2
a: Shadow Step, Shadow Form, Renounce Religion


You were in the Dungeon.
You worshipped Dithmenos.
Dithmenos was extremely pleased with you.
You were not hungry.

You visited 1 branch You collected 29 gold pieces.

Inventory:

Hand Weapons
 a - a +1 dagger (weapon)
Armour
 b - a +0 robe (worn)
 c - a +0 cloak (worn)
Wands
 q - a wand of acid (6)
Scrolls
 j - a scroll of blinking
 k - a scroll of holy word {unknown}
 l - 2 scrolls of identify
 m - a scroll of remove curse
 o - a scroll of torment {unknown}
Potions
 g - a potion of haste
 h - 2 potions of magic
 i - 3 potions of mutation {unknown}
 n - a potion of resistance {unknown}
 p - 2 potions of flight
 r - a potion of berserk rage
 s - a potion of might
Comestibles
 d - 5 rations


   Skills:
 + Level 9.5 Fighting
 * Level 16.4 Short Blades
 + Level 8.0 Dodging
 + Level 16.8 Stealth
 + Level 10.5 Spellcasting
 + Level 3.7 Conjurations
 + Level 10.4 Hexes


You had 21 spell levels left.
You knew the following spells:

 Your Spells              Type           Power        Failure   Level  Hunger
a - Corona                Hex            #####..      1%          1    None
b - Ensorcelled Hibernat  Hex/Ice        ####..       1%          2    None
c - Confuse               Hex            #####...     1%          3    None
d - Dazzling Spray        Conj/Hex       #####.       1%          3    None

Your spell library contained the following spells:

 Spells                   Type           Power        Failure   Level  Hunger
 Confusing Touch          Hex            #####.       1%          1    None
 Tukima's Dance           Hex            #####...     1%          3    None
 Animate Skeleton         Necr           N/A          7%          1    None
 Apportation              Tloc           #.....       7%          1    None
 Summon Small Mammal      Summ           #...         7%          1    None


Dungeon Overview and Level Annotations

Branches:
Dungeon (1/1)

Altars:
Dithmenos
Elyvilon
Kikubaaqudgha
Okawaru
Ru
Sif Muna
Trog
Uskayaw
Vehumet
Wu Jian
Yredelemnul
Zin
The Shining One
Beogh


Innate Abilities, Weirdness & Mutations

You are very small and have problems with some larger weapons.
You are too small for most types of armour.
You have supernaturally acute eyesight. (SInv)
You are a herbivore.
You cover ground extremely quickly.
You need to consume almost no food.


Message History

* * * LOW HITPOINT WARNING * * *
You feel extremely sick.
You feel better.
You are engulfed in dark miasma.
You are poisoned.
You feel your flesh rotting away!
* * * LOW HITPOINT WARNING * * *
x2 You feel sick.
You feel much better.
You are engulfed in dark miasma.
You are lethally poisoned!
You feel as though you will be slow longer.
* * * LOW HITPOINT WARNING * * *
x2 You feel very sick.
Okay, then.
Really walk into that cloud of foul pestilence?
You are engulfed in dark miasma.
You are more poisoned.
You feel your flesh rotting away!
* * * LOW HITPOINT WARNING * * *
x2 You feel very sick.
* * * LOW HITPOINT WARNING * * *
You feel very sick.
You die...

#...#)≈≈§≈#
#)..#.#§§§#
#####.#.§§≈#
#.)P.)#
#§≈≈≈
#...PP# .≈≈≈
#....P# ##≈≈
#§...P#
§§#c§
#§#####.§§#
#§@.§.+§§§+
#§#########
#.# #.# #.#
#.# #.# #.#


There were no monsters in sight!

Vanquished Creatures
  Dowan (D)
  Snorg (D)
  2 yaktaur captains (D)
  A centaur warrior (D)
  An unseen horror (D)
  A deep elf mage (D)
  Duvessa (D)
  A yaktaur (D)
  An orc high priest (D)
  A shadow (D)
  A necrophage (D)
  2 centaurs (D)
  An earth elemental (D)
  A water elemental (D)
  2 orc priests (D)
  Crazy Yiuf (D)
  A jelly (D)
  Jessica (D)
  A wizard (D)
  A necromancer (D)
  3 humans (D)
  A kobold demonologist (D)
  An ooze (D)
  2 rats (D)
30 creatures vanquished.

Vanquished Creatures (others)
  2 draconian scorchers (D)
  6 hellions (D)
  2 yaktaurs (D)
  An orc priest (D)
  5 plants (D)
16 creatures vanquished.

Grand Total: 46 creatures vanquished

Notes
Turn   | Place    | Note
-------+----------+-------------------------------------------
     0 | D        | MuseOD the Spriggan Enchanter began the quest for the Orb.
     0 | D        | Reached XP level 1. HP: 9/9 MP: 5/5
    11 | D        | Reached skill level 1 in Fighting
    11 | D        | Reached skill level 5 in Stealth
    24 | D        | Noticed Jessica
    54 | D        | Killed Jessica
    54 | D        | Reached XP level 2. HP: 2/15 MP: 4/6
    54 | D        | Reached XP level 3. HP: 2/18 MP: 5/8
    95 | D        | Killed a hellion
    95 | D        | Killed a yaktaur
   107 | D        | Killed a hellion
   117 | D        | Killed a hellion
   117 | D        | Killed a hellion
   118 | D        | Killed a hellion
   138 | D        | Killed a hellion
   190 | D        | Killed a white draconian scorcher
   220 | D        | Learned a level 2 spell: Ensorcelled Hibernation
   224 | D        | Learned a level 3 spell: Confuse
   228 | D        | Killed a white draconian scorcher
   313 | D        | Noticed Crazy Yiuf
   316 | D        | Killed Crazy Yiuf
   316 | D        | Reached skill level 5 in Short Blades
   331 | D        | Reached XP level 4. HP: 24/24 MP: 5/9
   368 | D        | Noticed a water elemental
   371 | D        | Killed a water elemental
   418 | D        | Found a basalt altar of Yredelemnul.
   418 | D        | Found a shadowy altar of Dithmenos.
   418 | D        | Found a sacrificial altar of Ru.
   418 | D        | Noticed a necrophage
   425 | D        | Killed a necrophage
   425 | D        | Reached skill level 10 in Stealth
   425 | D        | Reached XP level 5. HP: 30/30 MP: 6/10
   433 | D        | Became a worshipper of Dithmenos the Shadowed
   544 | D        | Found a glowing silver altar of Zin.
   544 | D        | Found a glowing golden altar of the Shining One.
   544 | D        | Found a white marble altar of Elyvilon.
   544 | D        | Noticed a deep elf mage
   547 | D        | Killed a deep elf mage
   547 | D        | Reached XP level 6. HP: 37/37 MP: 11/11
   547 | D        | Reached XP level 7. HP: 41/41 MP: 12/12
   552 | D        | Learned a level 3 spell: Dazzling Spray
   555 | D        | Found a hide-covered altar of Uskayaw.
   555 | D        | Found a roughly hewn altar of Beogh.
   555 | D        | Found an iron altar of Okawaru.
   555 | D        | Found a bloodstained altar of Trog.
   555 | D        | Found an ornate altar of the Wu Jian Council.
   555 | D        | Noticed a human
   555 | D        | Noticed a human
   558 | D        | Killed a human
   559 | D        | Killed a human
   559 | D        | Reached * piety under Dithmenos
   579 | D        | Found a radiant altar of Vehumet.
   580 | D        | Found a deep blue altar of Sif Muna.
   580 | D        | Found an ancient bone altar of Kikubaaqudgha.
   584 | D        | Reached skill level 5 in Hexes
   611 | D        | Noticed a shadow
   613 | D        | Killed a shadow
   613 | D        | Reached ** piety under Dithmenos
   613 | D        | Reached skill level 5 in Spellcasting
   613 | D        | Reached XP level 8. HP: 46/46 MP: 5/16
   690 | D        | Noticed Snorg
   693 | D        | Killed Snorg
   718 | D        | Reached XP level 9. HP: 51/51 MP: 20/20
   723 | D        | Noticed a centaur warrior
   725 | D        | Reached *** piety under Dithmenos
   727 | D        | Killed a centaur warrior
   727 | D        | Reached skill level 15 in Stealth
   746 | D        | Noticed an unseen horror
   748 | D        | Killed an unseen horror
   748 | D        | Reached skill level 15 in Short Blades
   748 | D        | Reached skill level 1 in Conjurations
   751 | D        | Noticed Dowan
   751 | D        | Noticed Duvessa
   753 | D        | Killed Dowan
   753 | D        | Reached XP level 10. HP: 54/58 MP: 18/24
   787 | D        | Killed Duvessa
   787 | D        | Reached **** piety under Dithmenos
   864 | D        | Noticed a yaktaur captain
   864 | D        | Noticed a yaktaur captain
   938 | D        | Killed a yaktaur captain
   938 | D        | Reached skill level 10 in Spellcasting
   938 | D        | Reached skill level 10 in Hexes
   941 | D        | Killed a yaktaur captain
  1049 | D        | Reached ***** piety under Dithmenos
  1337 | D        | HP: 1/57 [poison (dark miasma)]
  1341 | D        | Succumbed to poison (dark miasma)

Skill      XL: |  1  2  3  4  5  6  7  8  9 10 |
---------------+-------------------------------+-----
Fighting       | 2 3 4 6 7 9 |  9.5
Short Blades   | 4 6 9 11 12 14 15 16 | 16.4
Stealth        | 6 7 10 12 13 14 16 | 16.8
Spellcasting   | 5 7 9 10 | 10.5
Hexes          | 5 7 9 10 | 10.4
Dodging        | 6 8 |  8.0
Conjurations   | 2 3 |  3.7

Action                   |  1- 3 |  4- 6 |  7- 9 | 10-12 || total
-------------------------+-------+-------+-------+-------++-------
Melee: Dagger            |    27 |     9 |    12 |    20 ||    68
 Cast: Corona            |     2 |       |       |       ||     2
       Confuse           |     1 |     3 |       |     8 ||    12
       Dazzling Spray    |       |       |     4 |     4 ||     8
Invok: Shadow Step       |       |       |     1 |       ||     1
  Use: Potion            |     1 |       |       |     3 ||     4
       Scroll            |       |       |     2 |       ||     2
 Stab: Sleeping          |     3 |     2 |    11 |       ||    16
       Confused          |     2 |     2 |       |     8 ||    12
       Invisible         |       |       |     1 |       ||     1
Armor: Robe              |     1 |       |     1 |       ||     2
Dodge: Dodged            |    20 |     2 |     5 |     8 ||    35
